 Dungeon Crawl Stone Soup version 0.20.1-1-g8b1a95d (webtiles) character file.

91753 equalderp2856 the Severer (level 15, 0/132 HPs)
             Began as a Minotaur Fighter on Oct 20, 2017.
             Slain by Donald
             ... wielding a +2 demon trident of flaming
              (14 damage)
             ... on level 11 of the Dungeon.
             The game lasted 02:16:55 (42174 turns).

equalderp2856 the Severer (Minotaur Fighter)       Turns: 42174, Time: 02:16:57

Health: 0/132      AC: 20    Str: 22    XL:     15   Next: 55%
Magic:  21/21      EV:  9    Int:  8    God:
Gold:   1462       SH: 13    Dex: 12    Spells: 18/24 levels left

rFire    + . .     SeeInvis +   Z - +2 demon trident (drain)
rCold    . . .     Gourm    .   c - +0 shield
rNeg     . . .     Faith    .   x - +0 plate armour
rPois    .         Spirit   .   R - +1 hat {SInv}
rElec    .         Reflect  .   (no cloak)
rCorr    .         Harm     .   P - +0 pair of gloves
MR       ++...                  j - +0 pair of boots
Stlth    ..........             h - amulet of rage
Regen    0.4/turn               v - ring of protection from magic
MPRegen  0.2/turn               w - ring of protection from fire

@: hasted, very quick
A: retaliatory headbutt, horns 2
a: Evoke Berserk Rage


You were on level 11 of the Dungeon.
You were not hungry.

You visited 3 branches of the dungeon, and saw 20 of its levels.
You also visited: Labyrinth, Ossuary and Volcano.

You collected 1462 gold pieces.

Inventory:

Hand Weapons
 z - a +2 war axe of electrocution
 Q - a +2 hand crossbow of freezing
 Z - a +2 demon trident of draining (weapon)
Missiles
 a - 65 bolts
Armour
 c - a +0 shield (worn)
 i - a +0 pair of boots
 j - a +0 pair of boots (worn)
 x - a +0 plate armour (worn)
 D - a +2 hat
 P - a +0 pair of gloves (worn)
 R - a +1 hat of see invisible (worn)
Magical Staves
 q - an uncursed staff of wizardry
Jewellery
 b - the amulet "Qaakhles" {Faith rPois Int+4 Dex-3}
   (You found it in a labyrinth)

   [amulet of faith]

   It allows you to gain divine favour quickly.
   It affects your intelligence (+4).
   It affects your dexterity (-3).
   It protects you from poison.
 g - a +2 amulet of reflection
 h - an amulet of rage (around neck)
 n - a +3 ring of dexterity
 u - a +3 ring of strength
 v - a ring of protection from magic (left hand)
 w - a ring of protection from fire (right hand)
 G - a +4 ring of evasion
 M - an uncursed ring of protection from cold
 W - an uncursed ring of flight
 Y - a +4 ring of dexterity
Wands
 k - a wand of random effects (13/48)
 p - a wand of iceblast (9/15)
 A - a wand of iceblast (2/15)
 H - a wand of paralysis (0/24)
 L - a wand of digging (6/24)
 N - a wand of paralysis (5/24)
 U - a wand of flame (30/48)
 V - a wand of polymorph (4/24)
 X - a wand of confusion (16/48)
Scrolls
 e - a scroll of fog
 m - 6 scrolls of enchant armour
 s - 2 scrolls of acquirement
 y - a scroll of recharging
 B - 2 scrolls of remove curse
 E - a scroll of amnesia {unknown}
 F - 3 scrolls of magic mapping
 K - a scroll of brand weapon {unknown}
 O - a scroll of teleportation
 T - 3 scrolls of noise
Potions
 d - a potion of might
 l - 3 potions of ambrosia {unknown}
 o - 6 potions of flight
 t - 3 potions of haste
 I - 3 potions of curing
 J - 3 potions of agility {unknown}
Miscellaneous
 C - a lightning rod (4/4)
Comestibles
 f - 5 bread rations
 r - 4 meat rations
 S - 24 fruits


   Skills:
 + Level 11.7 Fighting
 + Level 16.3(16.5) Axes
 + Level 3.6(11.5) Polearms
 + Level 10.6 Crossbows
 + Level 13.1 Armour
 + Level 5.2 Dodging
 + Level 3.1 Stealth
 + Level 13.9 Shields
 * Level 5.2 Spellcasting
 * Level 5.3 Charms
 + Level 2.5 Evocations


You had 18 spell levels left.
You knew the following spells:

 Your Spells              Type           Power        Failure   Level  Hunger
a - Regeneration          Chrm/Necr      #.........   97%         3    ###....
b - Song of Slaying       Chrm           ##......     45%         2    ##.....
c - Animate Skeleton      Necr           N/A          97%         1    #......


Dungeon Overview and Level Annotations

Branches:
Dungeon (12/15)            Temple (0/1) D:4            Lair (6/6) D:9
 Shoals (0/4) Lair:3       Spider (0/4) Lair:2        Slime (0/5) Lair:5
    Orc (2/2) D:12
    Elf: Orc:2

Altars:
Cheibriados
Dithmenos
Gozag
Hepliaklqana
Kikubaaqudgha
Makhleb
Nemelex Xobeh
Trog
Uskayaw
Xom
Yredelemnul
Zin
The Shining One

Shops:
D:3 *   Orc:2 ?%

Annotations:
D:8 1 runed door
D:11 Donald
Lair:3 exclusion: 4 oklob plants
Lair:4 1 exclusion


Innate Abilities, Weirdness & Mutations

You reflexively headbutt those who attack you in melee.
You have a pair of horns on your head.


Message History

Donald burns you.
Donald says, "You must run out of gods to curse by."
Donald hits you from afar with a demon trident of flaming!!
* * * LOW HITPOINT WARNING * * *
Donald burns you.
* * * LOW HITPOINT WARNING * * *
Unknown command.
You block Donald's attack.
Donald hits you from afar with a demon trident of flaming.
* * * LOW HITPOINT WARNING * * *
Donald burns you.
* * * LOW HITPOINT WARNING * * *
Donald hits you from afar with a demon trident of flaming!
* * * LOW HITPOINT WARNING * * *
Donald burns you.
* * * LOW HITPOINT WARNING * * *
There is a stone staircase leading down here.
You feel yourself speed up.
Donald hits you from afar with a demon trident of flaming!
You die...

#.#.###.#####.#.## #.# ##
#.##.#...........###########.# #.
#.###.#.#####.#............(.# #.
........# #..#.###########.# #.
#.###.########[#.# #.# #.
#.##.........#.#.# #.# #.
#.##..######.#.#.# #.# #. #.##..#
#.#.#.# #.# #. #.##..## #.#.#@#
###.# #. .......# #.#.#.# #...#
#. ...##..#####.#.#@#########.#.#
#. ........(....#.#.##..........#
#. ...##..#.....#@#.##.######.###
#. .............#.#.##.# #.# #.
######.#............######.#####.
#.#.../.......#.............
#.###....)......#####.######


You could see Donald.

Vanquished Creatures
  Gastronok (Lair:1)
  2 orc warlords
  A minotaur (Lab)
  Harold (Lair:1)
  6 hydras
  Erolcha (D:10)
  A catoblepas (Lair:6)
  A merfolk avatar (Lair:6)
  2 ogre magi (Orc:1)
  9 two-headed ogres
  A death knight (Orc:1)
  An anaconda (Lair:6)
  Erica (D:11)
  Urug (Lair:3)
  Nergalle (Lair:3)
  2 unseen horrors (Lab)
  2 deep trolls (Orc:1)
  An orc knight (Orc:1)
  A cyclops (Orc:2)
  2 ugly things (D:11)
  A manticore (D:12)
  An orc sorcerer (Orc:2)
  5 black mambas
  Maurice (Orc:1)
  16 elephants
  23 spiny frogs
  The ghost of tarantulino the Slicer, a novice SpEn (D:6)
  8 rime drakes
  A kobold demonologist (D:11)
  10 komodo dragons
  8 trolls
  A merfolk (Lair:3)
  4 hornets
  2 wind drakes (Lair:6)
  6 polar bears
  7 dream sheep
  35 blink frogs
  15 hippogriffs
  A snapping turtle (Lair:3)
  56 yaks
  Sigmund (D:3)
  2 wraiths
  5 wyverns
  Grum (D:9)
  6 basilisks
  6 fire bats
  2 hungry ghosts
  5 wargs
  Menkaure (D:5)
  An acid dragon (D:10)
  21 water moccasins
  2 hell hounds (Lair:1)
  23 orc warriors
  15 porcupines
  5 black bears
  2 sky beasts
  2 necrophages (D:8)
  3 ice beasts
  2 phantoms
  An eye of draining (D:11)
  23 ogres
  6 centaurs
  27 wolves
  28 crocodiles
  3 big kobolds
  21 bullfrogs
  A gnoll sergeant (D:8)
  8 scorpions
  4 killer bees (D:8)
  13 wights
  8 howler monkeys
  6 crimson imps
  6 lava snakes (Volcano)
  3 bullfrog zombies
  3 quasits
  9 centaur zombies
  A bullfrog skeleton (D:8)
  4 hounds
  10 orc priests
  4 jellies
  13 orc wizards
  An iron imp (D:7)
  Jessica (D:3)
  2 iguanas
  9 worker ants
  Natasha (thrice) (D:2)
  2 big kobold zombies (Ossuary)
  A hound skeleton (D:8)
  4 mummies (Ossuary)
  A howler monkey zombie (D:11)
  Robin (D:2)
  A howler monkey skeleton (D:9)
  A worker ant zombie (D:7)
  4 gnolls (D:7)
  10 adders
  A shadow imp (D:8)
  5 oozes
  A worm (D:4)
  2 dart slugs
  5 leopard geckos
  110 orcs
  2 ball pythons (D:3)
  8 giant cockroaches
  9 goblins
  7 hobgoblins
  10 jackals
  A quokka (D:8)
  6 bats
  5 frilled lizards
  2 hobgoblin zombies (Ossuary)
  A jackal skeleton (D:6)
  17 kobolds
  2 leopard gecko skeletons (D:4)
  A leopard gecko zombie (D:8)
  8 rats
  8 fungi
  5 plants (Lair:6)
804 creatures vanquished.

Vanquished Creatures (others)
  A blink frog (Lair:5)
  A centaur (D:9)
  An orc (Orc:2)
  31 fungi
  40 plants
74 creatures vanquished.

Grand Total: 878 creatures vanquished

Notes
Turn   | Place    | Note
-------+----------+-------------------------------------------
     0 | D:1      | equalderp2856 the Minotaur Fighter began the quest for the Orb.
     0 | D:1      | Reached XP level 1. HP: 19/19 MP: 0/0
   219 | D:1      | Reached XP level 2. HP: 23/27 MP: 1/1
   561 | D:2      | Noticed Robin
   581 | D:2      | Killed Robin
   581 | D:2      | Reached XP level 3. HP: 32/33 MP: 2/2
   612 | D:2      | Found a hazy altar of Hepliaklqana.
   619 | D:2      | Found a basalt altar of Yredelemnul.
   773 | D:2      | Reached skill level 3 in Axes
   822 | D:2      | Found a faded altar of an unknown god.
   828 | D:2      | Noticed Natasha
   831 | D:2      | Killed Natasha
   831 | D:2      | Reached XP level 4. HP: 35/41 MP: 3/3
   947 | D:2      | Reached skill level 1 in Dodging
   948 | D:2      | Noticed Natasha
   955 | D:2      | Killed Natasha
  1063 | D:2      | Noticed Natasha
  1069 | D:2      | Killed Natasha
  1069 | D:2      | Reached skill level 4 in Axes
  1069 | D:2      | Reached XP level 5. HP: 42/47 MP: 4/4
  1498 | D:3      | Found Gozag's Platinum Reserve.
  1499 | D:3      | Found an opulent altar of Gozag.
  1599 | D:3      | Noticed Sigmund
  1610 | D:3      | Killed Sigmund
  1610 | D:3      | Reached skill level 5 in Fighting
  1610 | D:3      | Reached skill level 5 in Axes
  1610 | D:3      | Reached XP level 6. HP: 43/56 MP: 5/5
  1742 | D:3      | Noticed Jessica
  1752 | D:3      | Killed Jessica
  2127 | D:4      | Found a staircase to the Ecumenical Temple.
  2129 | D:4      | Reached skill level 5 in Shields
  2150 | D:4      | Noticed a warg
  2150 | D:4      | an ogre changed into a warg
  2163 | D:4      | Killed a warg
  2163 | D:4      | Reached skill level 6 in Axes
  2163 | D:4      | Reached XP level 7. HP: 33/61 MP: 6/6
  3020 | D:5      | Entered Level 5 of the Dungeon
  3137 | D:5      | Found a bloodstained altar of Trog.
  3216 | D:5      | Found an ancient bone altar of Kikubaaqudgha.
  3301 | D:5      | Reached skill level 5 in Armour
  3370 | D:5      | Reached skill level 7 in Axes
  3385 | D:5      | Noticed Menkaure
  3590 | D:5      | Killed Menkaure
  3590 | D:5      | Reached XP level 8. HP: 12/69 MP: 7/7
  3970 | D:5      | Found a shimmering altar of Xom.
  4374 | D:6      | Noticed tarantulino's ghost (novice SpEn)
  4489 | D:6      | Killed tarantulino's ghost
  4489 | D:6      | Reached skill level 8 in Axes
  4533 | D:6      | Found a shadowy altar of Dithmenos.
  4745 | D:6      | Reached skill level 9 in Axes
  5602 | D:6      | Found an opulent altar of Gozag.
  5892 | D:7      | Reached XP level 9. HP: 74/78 MP: 8/8
  6128 | D:7      | Noticed a hand axe
  6128 | D:7      | Noticed a hand axe
  6129 | D:7      | Found a hide-covered altar of Uskayaw.
  6197 | D:7      | Found a sparkling altar of Nemelex Xobeh.
  6270 | D:7      | Found a snail-covered altar of Cheibriados.
  6548 | D:8      | Reached skill level 10 in Axes
  6571 | D:8      | Found a burning altar of Makhleb.
  6963 | D:8      | Found a glowing silver altar of Zin.
  6964 | D:8      | Found a sand-covered staircase.
  6973 | Ossuary  | Entered an ossuary
  7364 | D:8      | Reached skill level 1 in Evocations
  7506 | D:8      | Reached skill level 11 in Axes
  7788 | D:8      | Reached XP level 10. HP: 83/85 MP: 9/9
  7900 | D:8      | Found a runed door.
  7900 | D:8      | Noticed a manticore
  7902 | D:8      | Noticed a fire dragon
  7902 | D:8      | Noticed a wolf spider
  7902 | D:8      | Noticed a deep troll
  7902 | D:8      | Noticed a yaktaur captain
  8933 | D:8      | Noticed a two-headed ogre
  9288 | D:8      | Got an ancient hand axe
  9306 | D:8      | Identified the +7 hand axe "Ogrebane" {venom, Int+8} (You found it on level 8 of the Dungeon)
  9425 | D:9      | Found a staircase to the Lair.
  9603 | D:8      | Killed a two-headed ogre
  9603 | D:8      | Reached skill level 12 in Axes
  9603 | D:8      | Reached skill level 1 in Stealth
  9796 | D:9      | Found a glowing golden altar of the Shining One.
  9927 | D:9      | Reached skill level 10 in Shields
  9972 | D:9      | Noticed a two-headed ogre
 10279 | D:9      | Killed a two-headed ogre
 10447 | D:9      | Found a basalt altar of Yredelemnul.
 10459 | D:9      | Reached XP level 11. HP: 94/94 MP: 11/11
 11814 | Lair:1   | Entered Level 1 of the Lair of Beasts
 11936 | Lair:1   | Reached skill level 13 in Axes
 12053 | Lair:1   | Found a dark tunnel.
 12069 | Volcano  | Entered a volcano
 13019 | Volcano  | HP: 4/97 [salamander/trident (5)]
 13132 | Volcano  | Noticed a salamander mystic
 13175 | Lair:1   | Noticed Harold
 13223 | D:9      | Reached skill level 10 in Armour
 13566 | Lair:1   | Noticed Grum
 13745 | D:9      | Killed Grum
 13954 | Lair:1   | Killed Harold
 13993 | Lair:1   | Noticed Gastronok
 14148 | Lair:1   | Learned a level 3 spell: Regeneration
 14730 | Lair:2   | Reached XP level 12. HP: 103/104 MP: 12/12
 14740 | Lair:2   | Reached skill level 1 in Charms
 14752 | Lair:2   | Reached skill level 1 in Spellcasting
 14897 | Lair:2   | Reached skill level 14 in Axes
 15006 | Lair:2   | Found a hole to the Spider Nest.
 15138 | Lair:2   | Noticed an eight-headed hydra
 15361 | Lair:1   | Killed Gastronok
 16581 | Lair:2   | Noticed a six-headed hydra
 16592 | Lair:2   | Killed a six-headed hydra
 17430 | Lair:3   | Reached skill level 1 in Polearms
 17483 | Lair:3   | Reached skill level 10 in Fighting
 17607 | Lair:3   | Noticed Nergalle
 17616 | Lair:3   | Killed Nergalle
 17656 | Lair:3   | Noticed Urug
 17990 | Lair:3   | Killed Urug
 17990 | Lair:3   | Reached skill level 15 in Axes
 18129 | Lair:3   | Reached XP level 13. HP: 56/113 MP: 16/16
 18340 | Lair:3   | Found a staircase to the Shoals.
 20159 | Lair:4   | Found a labyrinth entrance.
 20226 | Lab      | Entered a labyrinth
 20770 | Lab      | Noticed a minotaur
 20793 | Lab      | Killed a minotaur
 20796 | Lab      | Identified the Papyrus of Boosting Confrontation
 20796 | Lab      | Identified the Incunabulum of the Voyage and Good Luck
 20796 | Lab      | Identified the Tome of Flames
 20797 | Lab      | Got a twitching diamond amulet
 21415 | Lair:4   | Identified the amulet "Qaakhles" {Faith rPois Int+4 Dex-3} (You found it in a labyrinth)
 23549 | Lair:5   | Found a staircase to the Slime Pits.
 23985 | Lair:5   | Reached XP level 14. HP: 74/122 MP: 19/19
 24270 | Lair:5   | Reached skill level 5 in Dodging
 24505 | Lair:6   | Entered Level 6 of the Lair of Beasts
 24920 | Lair:6   | Reached skill level 16 in Axes
 28110 | Lair:6   | Reached skill level 5 in Charms
 28867 | Lair:5   | Reached skill level 5 in Spellcasting
 30542 | Lair:1   | Learned a level 2 spell: Song of Slaying
 30544 | Lair:1   | Learned a level 1 spell: Animate Skeleton
 31326 | Lair:3   | HP: 1/125 [acid (12)]
 32077 | Lair:6   | Reached skill level 1 in Crossbows
 32727 | D:10     | Entered Level 10 of the Dungeon
 33500 | D:10     | Noticed Erolcha
 33513 | D:10     | Killed Erolcha
 33781 | D:11     | Noticed Erica
 33791 | D:11     | Killed Erica
 34043 | D:11     | Reached XP level 15. HP: 132/132 MP: 21/21
 34184 | D:11     | Identified 2 scrolls of acquirement
 34197 | D:11     | Reached skill level 5 in Crossbows
 34554 | D:12     | Found a staircase to the Orcish Mines.
 34637 | D:12     | Found an opulent altar of Gozag.
 35253 | Orc:1    | Entered Level 1 of the Orcish Mines
 35253 | Orc:1    | Noticed an orc warlord
 35286 | D:12     | Killed an orc warlord
 35453 | Orc:2    | Entered Level 2 of the Orcish Mines
 35459 | Orc:2    | Noticed an orc warlord
 39343 | Orc:1    | Killed an orc warlord
 39756 | Orc:1    | Reached skill level 10 in Crossbows
 40340 | Orc:2    | Found Cahawex's Food Boutique.
 40406 | Orc:2    | Found Moikig's Magic Scroll Emporium.
 40407 | Orc:2    | Noticed Donald
 40531 | Orc:1    | Noticed Maurice
 40564 | Orc:1    | Killed Maurice
 42174 | D:11     | Slain by Donald

Skill      XL: |  1  2  3  4  5  6  7  8  9 10 11 12 13 14 15 |
---------------+----------------------------------------------+-----
Fighting       | 4 5 6 7 8 9 10 11 | 11.7
Shields        | 4 5 6 7 8 10 11 12 13 | 13.9
Armour         | 4 5 7 8 9 10 11 12 13 | 13.1
Axes           | 3 4 5 6 7 9 11 12 13 15 16 | 16.3
Dodging        | 1 2 3 4 5 |  5.2
Evocations     | 1 2 |  2.5
Stealth        | 2 3 |  3.1
Charms         | 2 4 5 |  5.3
Spellcasting   | 2 4 5 |  5.2
Polearms       | 1 3 |  3.6
Crossbows      | 4 10 | 10.6

Action                   |  1- 3 |  4- 6 |  7- 9 | 10-12 | 13-15 || total
-------------------------+-------+-------+-------+-------+-------++-------
Melee: War axe           |    72 |    95 |   516 |   804 |  1612 ||  3099
       Headbutt          |     3 |    25 |    87 |   211 |   357 ||   683
       Trident           |       |       |       |    14 |       ||    14
       Demon trident     |       |       |       |    14 |    67 ||    81
 Fire: Hand crossbow     |       |       |       |       |    28 ||    28
 Abil: Evoke Flight      |       |       |       |       |     1 ||     1
Evoke: Wand              |       |     1 |     9 |    29 |    16 ||    55
  Use: Scroll            |       |       |     4 |    12 |     9 ||    25
       Potion            |       |       |       |     3 |     6 ||     9
 Stab: Paralysed         |       |       |       |     6 |       ||     6
       Confused          |       |       |       |     1 |       ||     1
       Petrified         |       |       |       |       |     3 ||     3
       Distracted        |       |       |       |       |     1 ||     1
  Eat: Chunk             |       |     4 |    13 |    17 |    41 ||    75
       Fruit             |       |       |     4 |     3 |     6 ||    13
       Royal jelly       |       |       |     1 |     2 |     2 ||     5
       Meat ration       |       |       |       |     2 |     2 ||     4
       Bread ration      |       |       |       |       |     4 ||     4
Armor: Scale mail        |    29 |    35 |       |       |       ||    64
       Chain mail        |       |     2 |   157 |   282 |    11 ||   452
       Plate armour      |       |       |       |       |   646 ||   646
Dodge: Dodged            |    17 |    32 |    95 |   243 |   488 ||   875
Block: Shield            |    38 |    54 |   255 |   605 |  1131 ||  2083
       Reflection        |       |       |     4 |    11 |     1 ||    16
